 Dungeon Crawl Stone Soup version 0.29-a0-234-g0dae59b3db (webtiles) character file.

Game seed: 7107504603398049761

4 spaghetti the Shield-Bearer (level 1, -1/16 HPs)
             Began as an Octopode Fighter on Mar 3, 2022.
             Killed from afar by Sigmund (7 damage)
             ... with a magic dart
             ... on level 2 of the Dungeon.
             The game lasted 00:00:17 (97 turns).

spaghetti the Shield-Bearer (Octopode Fighter)        Turns: 97, Time: 00:00:17

Health: -1/16      AC:  1    Str: 15    XL:     1   Next: 70%
Magic:  1/1        EV: 13    Int: 10    God:
Gold:   37         SH:  4    Dex: 11    Spells: 0/0 levels left

rFire   . . .      SeeInvis .   a - +0 long sword {long}
rCold   . . .      Faith    .   b - +0 buckler
rNeg    . . .      Spirit   .   (helmet restricted)
rPois   .          Reflect  .   (no amulet)
rElec   .          Harm     .   (no ring)
rCorr   .          Rampage  .   (no ring)
Will    .....                   (no ring)
Stlth   +++.......              (no ring)
HPRegen 0.05/turn               (no ring)
MPRegen 0.07/turn               (no ring)
                                (no ring)
                                (no ring)

@: no status effects
A: almost no armour, amphibious, 8 rings, camouflage 1, gelatinous body 1,
(nimble swimmer 1), tentacles
a: no special abilities


You were on level 2 of the Dungeon.
You visited 1 branch of the dungeon, and saw 2 of its levels.

You collected 37 gold pieces.


Innate Abilities, Weirdness & Mutations

You cannot wear most types of armour.
You are amphibious.
You can wear up to eight rings at the same time.
Your skin changes colour to match your surroundings (Stealth+).
Your rubbery body absorbs attacks. (AC +1, EV +1)
((You are camouflaged when in or above water. (Stealth+)))
You have tentacles for arms and can constrict up to eight enemies at once.


   Skills:
 - Level 3.0 Fighting
 - Level 2.0 Long Blades
 - Level 3.0 Dodging
 + Level 1.9 Stealth
 - Level 3.0 Shields


You couldn't memorise any spells.
You didn't know any spells.
Your spell library was empty.

Inventory:

Hand Weapons
 a - a +0 long sword (weapon) {long}
Missiles
 d - 42 stones (quivered) {throwing}
Armour
 b - a +0 buckler (worn)
Potions
 c - a potion of might
 e - a potion of degeneration {unknown}
 f - a potion of flight {unknown}

Dungeon Overview and Level Annotations

Branches:
Dungeon (2/15)

Altars:

Annotations:
D:2 Sigmund

##............##
.#
#####.##...###
.# #..####.#
##.# #.## #.#
#.. #. #.####.#
#. #...##.# #.
###....# ##..##
#.@.# ##.#.#
#..#.# ..#
###.##.#
#....##...# .#
#...@### .#
##.)........
#....#####..#
#.###


You could see Sigmund.


Message History

🤖 Initializing magus.rc ...
Options error: Delay interrupt name "hungry" not recognised. (~/.crawlrc:4761) Options error: Bad monster_list_colour key: strict_neutral (~/.crawlrc:4776) ✅ Successfully initialized magus.rc [v1.9.6] Welcome, spaghetti the Octopode Fighter.
The wondrous Orb of Zot lies far below, as if waiting for you to find it.
Press ? for a list of commands and other information.
Found two stairs.
There is a stone staircase leading down here.
You climb downwards.
There is a stone staircase leading up here.
Unknown command.
Unknown command.
An endoplasm comes into view.
The endoplasm moves out of view.
An endoplasm is nearby!
A ball python comes into view.
The ball python hisses angrily.
You hit the endoplasm. You squeeze the endoplasm.
The endoplasm hits you. 😕 HP[-1]
You take 1 damage, and now have 15/16 hp.
You slash the endoplasm!
You kill the endoplasm!
The ball python closely misses you. You block the ball python's attack.
You slash the ball python!
You kill the ball python!
Your Stealth skill increases to level 1!
No target in view!
No target in view!
No target in view!
No target in view!
No target in view!
No target in view!
No target in view!
No target in view!
No target in view!
No target in view!
No target in view!
No target in view!
No target in view!
No target in view!
No target in view!
No target in view!
No target in view!
Key pressed, stopping explore.
d - 17 stones {throwing}
e - a fuming amethyst potion 😎 HP[+1]
Your hp is fully restored (16).
You now have 12 gold pieces.
You now have 29 gold pieces (gained 17).
f - a metallic ruby potion
d - 42 stones {throwing} (gained 25)
You now have 37 gold pieces (gained 8).
A kobold comes into view. It is wielding a +0 whip.
The kobold shouts!
You hear a shout!
A kobold is nearby!
A kobold is nearby!
The kobold hits you with a +0 whip.
A kobold comes into view. It is wielding a +0 dagger. 😮 HP[-4]
You take 4 damage, and now have 12/16 hp.
MASSIVE DAMAGE!! (PAUSE)
You are too injured to fight recklessly!
You are too injured to fight recklessly!
The kobold shouts!
You hit the kobold. Your grab misses the kobold. You squeeze the kobold.
You kill the kobold!
You hear a shout!
Sigmund the Dreaded comes into view.
He is wielding a +0 scythe.
Things that are here:
a +0 whip {mace}; 4 stones {throwing} You closely miss the kobold.
Sigmund shouts!
Your grab misses the kobold. You squeeze the kobold.
You kill the kobold!
You hear an angry hiss.
Press: ? - help, v - describe, . - travel
Here: Sigmund, wielding a +0 scythe and wearing a +0 robe The floor.
Sigmund breathes a few words.
Sigmund's hands start flickering wildly.
Sigmund casts a spell at you. The magic dart hits you.
* * * LOW HITPOINT WARNING * * *
😨 HP[-6]
You take 6 damage, and now have 6/16 hp.
MASSIVE DAMAGE!! (PAUSE) Sigmund gestures at you while chanting.
The magic dart hits you!
You die...

Skill      XL: |  1 |
---------------+----+-----
Stealth        | 1 |  1.9
Fighting       | |  3.0
Long Blades    | |  2.0
Dodging        | |  3.0
Shields        | |  3.0

Action                   || total
-------------------------++-------
Melee: Long sword        ||     5
       Tentacles         ||     3
Dodge: Dodged            ||     1
Block: Buckler           ||     1

Levels and vault maps discovered:
D:1:      psy_arrival_spokes, layout_loops_ring,
          shapermc_ecumenical_altar_totnotflames
D:2:      layout_rooms, serial_shops, nicolae_diamond_shop, uniq_sigmund

Notes
Turn   | Place    | Note
-------+----------+-------------------------------------------
     0 | D:1      | spaghetti the Octopode Fighter began the quest for the Orb.
     0 | D:1      | Reached XP level 1. HP: 16/16 MP: 1/1
     0 | D:1      | magus.rc [v1.9.6]
    22 | D:2      | Reached skill level 1 in Stealth
    91 | D:2      | Noticed Sigmund
    97 | D:2      | Killed from afar by Sigmund

Vanquished Creatures
  A ball python (D:2)
  An endoplasm (D:2)
  2 kobolds (D:2)
4 creatures vanquished.

Table legend:
 A = Non-vault XP
 B = Vault XP
 C = Vault XP percentage of total XP
 D = Non-vault monster count
 E = Vault monster count
 F = Vault count percentage of total count
                 A         B        C        D         E       F
            +---------+---------+-------+---------+---------+-------
      Total |       7 |       0 |   0.0 |       4 |       0 |   0.0
            +---------+---------+-------+---------+---------+-------
        D:2 |       7 |       0 |   0.0 |       4 |       0 |   0.0
            +---------+---------+-------+---------+---------+-------

Illustrated notes

Table legend:
 A = Kills in this place as a percentage of kills in entire the game.
 B = Kills by you in this place as a percentage of kills by you in the entire game.
 C = Kills by friends in this place as a percentage of kills by friends in the entire game.
 D = Other kills in this place as a percentage of other kills in the entire game.
 E = Experience gained in this place as a percentage of experience gained in the entire game.
 F = Experience gained in this place divided by the number of levels of this place that you have seen.
                   A       B       C       D       E      F
               +-------+-------+-------+-------+-------+----------------------
         Total | 100.0 | 100.0 |   N/A |   N/A | 100.0 |   3.5
       Dungeon | 100.0 | 100.0 |   N/A |   N/A | 100.0 |   3.5
               +-------+-------+-------+-------+-------+----------------------

Table legend: (Time is in decaauts)
 A = Elapsed time spent in this place.
 B = Non-inter-level travel time spent in this place.
 C = Inter-level travel time spent in this place.
 D = Time resting spent in this place.
 E = Time spent auto-exploring this place.
 F = Levels seen in this place.
 G = Mean time per level.
                   A        B        C        D        E       F      G
               +--------+--------+--------+--------+--------+-----+--------+
         Total |     98 |     98 |      0 |      0 |     71 |   2 |   49.0 |
       Dungeon |     98 |     98 |      0 |      0 |     71 |   2 |   49.0 |
               +--------+--------+--------+--------+--------+-----+--------+

Top non-repeatable levels by time:
     D:2: 95 daAuts
     D:1: 3 daAuts
